 Dungeon Crawl Stone Soup version 0.31-a0-175-g9f7f995f2b (webtiles) character file.

Game seed: 13632444984749743633

56055 qw the Severer (level 14, -9/92 HPs)
             Began as a Gargoyle Fighter on June 16, 2023.
             Was a High Priest of Okawaru.
             Mangled by a two-headed ogre
             ... wielding a +0 giant spiked club
              (11 damage)
             ... on level 13 of the Dungeon.
             The game lasted 00:09:38 (19212 turns).

qw the Severer (Gargoyle Fighter)                  Turns: 19212, Time: 00:09:38

Health: -9/92      AC: 37    Str: 24    XL:     14   Next: 80%
Magic:  19/21      EV:  9    Int: 10    God:    Okawaru [*****.]
Gold:   1384       SH:  6    Dex:  9    Spells: 13/13 levels left

rFire   + . .        f - +8 war axe
rCold   + + .        c - +0 buckler
rNeg    + . .        q - +3 plate armour
rPois   inf          (no helmet)
rElec   +            n - scarf {rC+ rF+}
rCorr   .            (no gloves)
SInv    .            u - +2 pair of boots
Will    +....        (no amulet) Stlth
                     g - +4 ring of protection
HPRegen 0.35/turn    p - ring of protection from cold
MPRegen 0.17/turn

%: no passive effects
@: heroic, flying
A: sickness immunity, AC +10, big wings, negative energy resistance 1,
electricity resistance, torment resistance 1, petrification resistance
a: Renounce Religion, Heroism, Finesse, Duel


You were on level 13 of the Dungeon.
You worshipped Okawaru.
Okawaru was extremely pleased with you.
You visited 3 branches of the dungeon, and saw 19 of its levels.
You also visited: Ossuary.

You collected 1492 gold pieces.
You spent 108 gold pieces at shops.


Innate Abilities, Weirdness & Mutations

You are immune to sickness and miasma.
Your stone body is resilient. (AC +10)
You are immune to poison.
Your large and strong wings let you fly.
You resist negative energy. (rN+)
You are resistant to electric shocks. (rElec)
You are resistant to unholy torment.
You are immune to petrification.


   Skills:
 - Level 12.0(17.0) Fighting
 - Level 16.0(21.0) Axes
 - Level 6.0(11.0) Throwing
 - Level 10.0(15.0) Armour
 - Level 2.8(7.8) Dodging
 + Level 7.5(12.5) Shields
 - Level 10.0 Invocations


You had 13 spell levels left.
You didn't know any spells.
Your spell library was empty.

Inventory:

Hand Weapons
 f - a +8 war axe (weapon)
 v - a +2 hand axe of flaming
Missiles
 o - a silver boomerang (quivered)
Armour
 c - a +0 buckler (worn)
 h - a +2 cloak
 n - a scarf of resistance (worn)
 q - a +3 plate armour (worn)
 u - a +2 pair of boots (worn)
Jewellery
 g - a +4 ring of protection (left hand)
 p - a ring of protection from cold (right hand)
 t - a ring of fire
 Y - a ring of positive energy
Scrolls
 a - 10 scrolls of identify
 m - 2 scrolls of teleportation
Potions
 d - 4 potions of might
 e - 3 potions of haste
 i - 4 potions of attraction
 j - a potion of resistance
 k - 4 potions of curing
 l - 3 potions of magic
 r - 2 potions of mutation
 w - a potion of heal wounds

Dungeon Overview and Level Annotations

Branches:
Dungeon (13/15)            Temple (1/1) D:7            Lair (5/5) D:11
 Shoals (0/4) Lair:3       Spider (0/4) Lair:2        Slime (0/5) Lair:5
    Orc (0/2) D:9         Ossuary (visited)
 Vaults: D:13-14

Altars:
Ashenzari
Cheibriados
Dithmenos
Elyvilon
Fedhas
Gozag
Hepliaklqana
Kikubaaqudgha
Makhleb
Nemelex Xobeh
Okawaru
Qazlal
Ru
Sif Muna
Trog
Uskayaw
Vehumet
Wu Jian
Xom
Yredelemnul
Zin
The Shining One
Jiyva

Shops:
D:4 !

Annotations:
D:5 2 transporters, 3 runed translucent doors, qw's ghost, novice NaHu
D:9 2 transporters
Lair:2 2 transporters, qw's ghost, journeyman MiHu
Lair:5 1 runed translucent door


Message History

The white ugly thing completely misses you.
The brown ugly thing gurgles horribly!
You slash the white ugly thing!
You kill the white ugly thing!
Okawaru accepts your kill. Okawaru grants you throwing weapons!
Something appears at your feet!
You hit the red ugly thing. You hit the vault guard.
The vault guard hits you but does no damage.
The red ugly thing tail-slaps you!
You are engulfed in flames!
You resist.
The brown ugly thing is engulfed in blazing flames.
Your Axes skill increases to level 16!
19208 ||| INVOKING Heroism.
You gain the combat prowess of a mighty hero.
The vault guard hits you but does no damage.
The brown ugly thing is engulfed in blazing flames.
The red ugly thing tail-slaps you but does no damage.
You slice the red ugly thing!!
The red ugly thing is severely wounded.
You barely miss the vault guard. You slash the efreet!
The efreet hits you but does no damage. You block the vault guard's attack.
You completely miss the red ugly thing.
The red ugly thing is severely wounded.
You hit the efreet. You barely miss the vault guard.
The red ugly thing tail-slaps you.
You are engulfed in flames!
You resist.
You slash the red ugly thing!
You kill the red ugly thing!
Okawaru accepts your kill.
You hit the vault guard but do no damage.
You slash the efreet!
The brown ugly thing is engulfed in blazing flames.
The two-headed ogre is engulfed in blazing flames.
You block the efreet's attack.
The vault guard hits you with a +1 long sword!
You hit the efreet.
The efreet is severely wounded.
You barely miss the two-headed ogre. You slash the vault guard!
You block the vault guard's attack.
The two-headed ogre hits you with a +0 giant spiked club!!
The two-headed ogre hits you with a +0 giant club!
You die...

# .. + ... #
...# # #.# #..
#.# ...# #.#
###p#.##
#.####%Ou[..##
###.##..@p0....#
#..#.....R......
..
#....#.#.######.
##
#..#.........# .
#....#%#.###/#
.. #<####.#.# ##
#.# #.... #.#
#.#.#. #.#
.......


You could see 2 vault guards, a brown ugly thing, a two-headed ogre and an
efreet.

Vanquished Creatures
  Kirke (D:13)
  2 hydras
  A boulder beetle (D:12)
  3 centaur warriors (D:10)
  6 death yaks (Lair:3)
  3 two-headed ogres
  3 skysharks
  A skeletal warrior (D:10)
  2 lindwurms
  Pikel (D:6)
  A deep elf pyromancer (D:10)
  5 ugly things
  2 cyclopes
  A manticore (D:12)
  A merfolk siren (Lair:3)
  8 elephants
  6 torpor snails (Lair:5)
  5 black mambas
  A gargoyle (D:11)
  Maggie (D:6)
  15 cane toads
  4 rime drakes
  A yaktaur (D:10)
  2 efreet (D:10)
  An unseen horror (D:11)
  7 komodo dragons
  A polar bear (Lair:4)
  A troll (D:10)
  8 hornets
  4 tyrant leeches (Lair:5)
  12 blink frogs
  5 dream sheep (Lair:3)
  A jumping spider (Lair:2)
  2 vampires (D:12)
  Eustachio (D:6)
  A human (D:13)
  55 yaks
  2 shadows
  A wraith (D:11)
  5 wyverns
  9 basilisks
  3 hogs (D:13)
  11 water moccasins
  3 orc warriors
  An ice beast (D:6)
  2 sky beasts
  2 black bears
  6 centaurs
  12 wolves
  5 kobold brigands
  5 scorpions
  8 bullfrogs
  7 wights
  8 killer bees
  6 electric eels (D:9)
  4 howler monkeys
  3 hounds
  2 jellies (D:6)
  2 gnoll boudas
  8 orc priests
  2 sleepcaps
  Ijyb (D:5)
  7 iguanas
  15 orc wizards
  8 mummies (Ossuary)
  20 gnolls
  11 adders
  2 shadow imps (D:7)
  A white imp (D:6)
  An ufetubus (D:5)
  2 worms
  2 dart slugs
  53 orcs
  9 ball pythons
  11 bats
  10 endoplasms
  2 giant cockroaches
  7 goblins
  6 hobgoblins
  36 kobolds
  A quokka (D:2)
  4 frilled lizards
  A gnoll zombie (Ossuary)
  4 hobgoblin zombies (Ossuary)
  A kobold zombie (Ossuary)
  2 orc zombies (Ossuary)
509 creatures vanquished.

Vanquished Creatures (others)
  A tengu conjurer (D:13)
  An orc (D:9)
2 creatures vanquished.

Grand Total: 511 creatures vanquished

Notes
Turn   | Place    | Note
-------+----------+-------------------------------------------
     0 | D:1      | qw the Gargoyle Fighter began the quest for the Orb.
     0 | D:1      | Reached XP level 1. HP: 14/14 MP: 1/1
     0 | D:1      | 0 ||| qw: Version: 0.2-a-29-g511e9b1
     0 | D:1      | 0 ||| qw: Game counter: 5776
     0 | D:1      | 0 ||| qw: Always use a shield: true
     0 | D:1      | 0 ||| qw: God list: Okawaru
     0 | D:1      | 0 ||| qw: Allow faded altars: false
     0 | D:1      | 0 ||| qw: Do Orc after D:15 true
     0 | D:1      | 0 ||| qw: Do second Lair branch before Depths: true
     0 | D:1      | 0 ||| qw: Lair rune preference: random
     0 | D:1      | 0 ||| qw: Plans: Normal, Zot:1-4, Slime:5, God:TSO, Crypt,
                  | Tomb, Abyss, Pan, Hells, Win
     0 | D:1      | 0 ||| PLANNING D:1-11
    32 | D:1      | Reached skill level 2 in Axes
    71 | D:1      | 71 ||| Stepping ~*~*~tactically~*~*~ (stealth).
    72 | D:1      | 72 ||| Stepping ~*~*~tactically~*~*~ (stealth).
    74 | D:1      | 74 ||| Stepping ~*~*~tactically~*~*~ (hiding).
    77 | D:1      | 77 ||| Stepping ~*~*~tactically~*~*~ (hiding).
    88 | D:1      | Reached XP level 2. HP: 19/19 MP: 2/2
   112 | D:1      | You fall into a shaft and drop 1 floor!
   112 | D:2      | Found a shimmering altar of Xom.
   122 | D:2      | 122 ||| Stepping ~*~*~tactically~*~*~ (stealth).
   134 | D:2      | Reached skill level 3 in Axes
   140 | D:2      | 140 ||| READING scroll labelled VARASTR BOAPAO.
   149 | D:1      | Reached XP level 3. HP: 23/23 MP: 3/3
   181 | D:1      | 181 ||| DROPPING +0 club.
   250 | D:1      | 250 ||| Stepping ~*~*~tactically~*~*~ (hiding).
   275 | D:1      | 275 ||| DROPPING +0 club.
   370 | D:1      | 370 ||| Stepping ~*~*~tactically~*~*~ (hiding).
   371 | D:1      | 371 ||| Stepping ~*~*~tactically~*~*~ (hiding).
   373 | D:1      | 373 ||| Stepping ~*~*~tactically~*~*~ (hiding).
   374 | D:1      | 374 ||| Stepping ~*~*~tactically~*~*~ (hiding).
   375 | D:1      | 375 ||| Stepping ~*~*~tactically~*~*~ (hiding).
   650 | D:1      | 650 ||| UPGRADING to +0 chain mail.
   660 | D:1      | 660 ||| DROPPING +0 scale mail.
   661 | D:1      | 661 ||| READING scroll labelled RAETONG ROICS.
   662 | D:1      | 662 ||| READING 2 scrolls labelled GEUBORGH EPETAL.
   663 | D:1      | 663 ||| READING scroll of enchant weapon.
   663 | D:1      | 663 ||| ENCHANTING +1 war axe.
   664 | D:1      | 664 ||| READING scroll labelled REDAQI FOFA.
   826 | D:2      | Reached XP level 4. HP: 28/28 MP: 4/4
   953 | D:2      | Reached skill level 4 in Axes
  1262 | D:2      | 1262 ||| UPGRADING to scarf of resistance.
  1267 | D:2      | 1267 ||| READING scroll labelled CACZIO LITOXKI.
  1272 | D:2      | 1272 ||| READING scroll labelled PUIWES TEUZUIN.
  1273 | D:2      | 1273 ||| READING scroll labelled GYDWIUQ NAMIT.
  1274 | D:2      | 1274 ||| READING scroll labelled ATANLI CAHUAVI.
  1275 | D:2      | 1275 ||| READING scroll labelled HISUIJ HATEILO.
  1276 | D:2      | 1276 ||| DRINKING 2 blue potions.
  1277 | D:2      | 1277 ||| DRINKING 2 viscous green potions.
  1278 | D:2      | 1278 ||| DRINKING 2 cyan potions.
  1279 | D:2      | 1279 ||| DROPPING potion of invisibility.
  1422 | D:3      | Reached XP level 5. HP: 32/32 MP: 5/5
  1427 | D:3      | 1427 ||| DROPPING +0 whip.
  1612 | D:3      | 1612 ||| FLEEEEING.
  1727 | D:3      | 1727 ||| DROPPING +0 mace.
  1781 | D:3      | Reached skill level 5 in Axes
  2153 | D:4      | 2153 ||| STAIRDANCE
  2221 | D:4      | Found Kyvecad's Distillery.
  2229 | D:4      | 2229 ||| BUYING 2 potions of attraction (72 gold).
  2229 | D:4      | Bought 2 potions of attraction for 72 gold pieces
  2229 | D:4      | 2229 ||| SHOPLISTING potion of cancellation (96 gold, have
                  | 87).
  2229 | D:4      | 2229 ||| BUYING potion of curing (36 gold).
  2229 | D:4      | Bought a potion of curing for 36 gold pieces
  2229 | D:4      | 2229 ||| SHOPLISTING potion of heal wounds (60 gold, have
                  | 51).
  2229 | D:4      | 2229 ||| SHOPLISTING potion of mutation (96 gold, have 51).
  2229 | D:4      | 2229 ||| SHOPLISTING potion of resistance (120 gold, have
                  | 51).
  2274 | D:4      | Reached XP level 6. HP: 38/38 MP: 6/6
  2300 | D:4      | 2300 ||| FLEEEEING.
  2301 | D:4      | 2301 ||| FLEEEEING.
  2436 | D:4      | Reached skill level 6 in Axes
  2524 | D:4      | 2524 ||| Stepping ~*~*~tactically~*~*~ (hiding).
  2525 | D:4      | 2525 ||| Stepping ~*~*~tactically~*~*~ (hiding).
  2526 | D:4      | 2526 ||| Stepping ~*~*~tactically~*~*~ (hiding).
  2527 | D:4      | 2527 ||| Stepping ~*~*~tactically~*~*~ (hiding).
  2528 | D:4      | 2528 ||| Stepping ~*~*~tactically~*~*~ (hiding).
  2544 | D:4      | Noticed a black bear
  2551 | D:4      | Killed a black bear
  2552 | D:4      | Reached skill level 1 in Dodging
  2552 | D:4      | Reached XP level 7. HP: 37/43 MP: 7/7
  2619 | D:4      | 2619 ||| Stepping ~*~*~tactically~*~*~ (hiding).
  2753 | D:4      | 2753 ||| Stepping ~*~*~tactically~*~*~ (stealth).
  2778 | D:4      | 2778 ||| Stepping ~*~*~tactically~*~*~ (stealth).
  2780 | D:4      | 2780 ||| Stepping ~*~*~tactically~*~*~ (hiding).
  3011 | D:4      | 3011 ||| Stepping ~*~*~tactically~*~*~ (stealth).
  3023 | D:4      | Found a shimmering blue altar of Sif Muna.
  3324 | D:4      | 3324 ||| READING scroll labelled GUOROSHR KELA.
  3425 | D:4      | 3425 ||| DRINKING 2 viscous yellow potions.
  3469 | D:5      | Entered Level 5 of the Dungeon
  3469 | D:5      | Noticed Ijyb
  3470 | D:5      | 3470 ||| PLANNING OSSUARY
  3470 | D:5      | 3470 ||| Stepping ~*~*~tactically~*~*~ (hiding).
  3471 | D:5      | 3471 ||| Stepping ~*~*~tactically~*~*~ (hiding).
  3481 | D:5      | 3481 ||| DRINKING 2 potions of curing.
  3481 | D:5      | 3481 ||| (to cure confusion)
  3489 | D:5      | Killed Ijyb
  3571 | D:5      | 3571 ||| Stepping ~*~*~tactically~*~*~ (stealth).
  3581 | D:5      | 3581 ||| Stepping ~*~*~tactically~*~*~ (hiding).
  3583 | D:5      | 3583 ||| Stepping ~*~*~tactically~*~*~ (hiding).
  3586 | D:5      | 3586 ||| Stepping ~*~*~tactically~*~*~ (hiding).
  3591 | D:5      | Reached skill level 7 in Axes
  3591 | D:5      | 3591 ||| FLEEEEING.
  3592 | D:5      | 3592 ||| FLEEEEING.
  3611 | D:5      | 3611 ||| FLEEEEING.
  3612 | D:5      | 3612 ||| FLEEEEING.
  3707 | D:5      | Found a basalt altar of Yredelemnul.
  3727 | D:5      | Found a transporter.
  3795 | D:5      | 3795 ||| Stepping ~*~*~tactically~*~*~ (stealth).
  3797 | D:5      | 3797 ||| Stepping ~*~*~tactically~*~*~ (hiding).
  3802 | D:5      | Reached XP level 8. HP: 49/49 MP: 8/8
  3939 | D:5      | 3939 ||| Stepping ~*~*~tactically~*~*~ (stealth).
  3943 | D:5      | 3943 ||| Stepping ~*~*~tactically~*~*~ (stealth).
  3977 | D:5      | Reached skill level 1 in Throwing
  4063 | D:5      | Found a sand-covered staircase.
  4064 | D:5      | 4064 ||| READING 4 scrolls of identify.
  4064 | D:5      | 4064 ||| IDENTIFYING fizzy grey potion
  4073 | Ossuary  | Entered an ossuary
  4294 | Ossuary  | 4294 ||| READING scroll of enchant weapon.
  4294 | Ossuary  | 4294 ||| ENCHANTING +2 war axe.
  4306 | Ossuary  | 4306 ||| READING 3 scrolls of identify.
  4306 | Ossuary  | 4306 ||| IDENTIFYING grey potion
  4307 | Ossuary  | 4307 ||| READING 2 scrolls of identify.
  4307 | Ossuary  | 4307 ||| IDENTIFYING pink potion
  4333 | D:5      | 4333 ||| PLANNING D:1-11
  4431 | D:5      | Found a runed translucent gate.
  4431 | D:5      | Found a runed translucent gate.
  4431 | D:5      | Found a runed translucent gate.
  4432 | D:5      | Noticed qw's ghost (novice NaHu)
  4486 | D:5      | Noticed a two-headed ogre
  4487 | D:5      | Noticed a troll
  4488 | D:5      | Noticed a yak
  4538 | D:5      | Found a white marble altar of Elyvilon.
  4540 | D:5      | Found an ornate altar of the Wu Jian Council.
  4541 | D:5      | Found a bloodstained altar of Trog.
  4545 | D:5      | Found a transporter.
  4603 | D:5      | 4603 ||| READING 2 scrolls of identify.
  4603 | D:5      | 4603 ||| IDENTIFYING orange potion
  4604 | D:5      | 4604 ||| DROPPING potion of ambrosia.
  4623 | D:6      | 4623 ||| STAIRDANCE
  4686 | D:6      | Noticed Pikel
  4687 | D:6      | 4687 ||| Stepping ~*~*~tactically~*~*~ (stealth).
  4688 | D:6      | 4688 ||| Stepping ~*~*~tactically~*~*~ (stealth).
  4693 | D:6      | Noticed Eustachio
  4697 | D:6      | Killed Pikel
  4698 | D:6      | Reached skill level 8 in Axes
  4705 | D:6      | HP: 12/49 [quokka[Eustachio] (2)]
  4706 | D:6      | 4706 ||| DRINKING 2 potions of curing.
  4706 | D:6      | 4706 ||| (to cure confusion)
  4706 | D:6      | Noticed Maggie
  4711 | D:6      | HP: 6/50 [Maggie/bolt of fire (7)]
  4712 | D:6      | 4712 ||| READING scroll of teleportation.
  4713 | D:6      | 4713 ||| DRINKING 4 potions of heal wounds.
  4728 | D:6      | Reached skill level 6 in Fighting
  4728 | D:6      | Reached XP level 9. HP: 30/55 MP: 9/9
  4883 | D:6      | Reached skill level 9 in Axes
  4913 | D:6      | Killed Eustachio
  4927 | D:6      | 4927 ||| FLEEEEING.
  4932 | D:6      | 4932 ||| FLEEEEING.
  4934 | D:6      | 4934 ||| FLEEEEING.
  4936 | D:6      | 4936 ||| FLEEEEING.
  4948 | D:6      | Killed Maggie
  5012 | D:6      | 5012 ||| Stepping ~*~*~tactically~*~*~ (stealth).
  5013 | D:6      | 5013 ||| FLEEEEING.
  5014 | D:6      | 5014 ||| FLEEEEING.
  5015 | D:6      | 5015 ||| FLEEEEING.
  5120 | D:6      | 5120 ||| Stepping ~*~*~tactically~*~*~ (stealth).
  5153 | D:6      | 5153 ||| READING scroll of enchant weapon.
  5153 | D:6      | 5153 ||| ENCHANTING +3 war axe.
  5308 | D:6      | 5308 ||| READING scroll of enchant weapon.
  5308 | D:6      | 5308 ||| ENCHANTING +4 war axe.
  5344 | D:6      | Found an ancient bone altar of Kikubaaqudgha.
  5562 | D:6      | 5562 ||| Stepping ~*~*~tactically~*~*~ (hiding).
  5751 | D:7      | 5751 ||| Stepping ~*~*~tactically~*~*~ (hiding).
  5818 | D:7      | Reached skill level 10 in Axes
  5873 | D:7      | 5873 ||| DROPPING +0 flail.
  5923 | D:7      | 5923 ||| Stepping ~*~*~tactically~*~*~ (hiding).
  5929 | D:7      | 5929 ||| Stepping ~*~*~tactically~*~*~ (stealth).
  5933 | D:7      | 5933 ||| Stepping ~*~*~tactically~*~*~ (stealth).
  5950 | D:7      | 5950 ||| Stepping ~*~*~tactically~*~*~ (stealth).
  6214 | D:7      | 6214 ||| DROPPING +1 flail of protection.
  6219 | D:7      | Found a flagged portal.
  6335 | D:7      | 6335 ||| Stepping ~*~*~tactically~*~*~ (hiding).
  6340 | D:7      | 6340 ||| Stepping ~*~*~tactically~*~*~ (hiding).
  6499 | D:7      | 6499 ||| Stepping ~*~*~tactically~*~*~ (stealth).
  6500 | D:7      | Noticed a hornet
  6504 | D:7      | Reached XP level 10. HP: 61/64 MP: 10/10
  6687 | D:7      | Reached skill level 3 in Throwing
  6887 | D:7      | Found a staircase to the Ecumenical Temple.
  6888 | D:7      | 6888 ||| PLANNING TEMPLE
  6888 | D:7      | 6888 ||| UPGRADING to +0 plate armour.
  6898 | D:7      | 6898 ||| DROPPING +0 chain mail.
  6899 | D:7      | 6899 ||| UPGRADING to +0 pair of boots.
  6904 | D:7      | 6904 ||| READING 3 scrolls of enchant armour.
  6904 | D:7      | 6904 ||| ENCHANTING +0 pair of boots.
  6905 | D:7      | 6905 ||| READING 2 scrolls of enchant armour.
  6905 | D:7      | 6905 ||| ENCHANTING +1 pair of boots.
  6906 | D:7      | 6906 ||| READING scroll of enchant armour.
  6906 | D:7      | 6906 ||| ENCHANTING +0 plate armour.
  6907 | D:7      | 6907 ||| READING scroll labelled TUTHRE ARRUF.
  6948 | D:7      | 6948 ||| DRINKING 2 viscous cyan potions.
  6949 | D:7      | 6949 ||| DROPPING potion of brilliance.
  6958 | Temple   | Entered the Ecumenical Temple
  7041 | Temple   | 7041 ||| PLANNING OKAWARU WORSHIP
  7128 | Temple   | Became a worshipper of Warmaster Okawaru
  7129 | Temple   | 7129 ||| PLANNING D:1-11
  7203 | D:8      | 7203 ||| Stepping ~*~*~tactically~*~*~ (stealth).
  7205 | D:8      | 7205 ||| Stepping ~*~*~tactically~*~*~ (hiding).
  7206 | D:8      | 7206 ||| Stepping ~*~*~tactically~*~*~ (hiding).
  7207 | D:8      | 7207 ||| Stepping ~*~*~tactically~*~*~ (hiding).
  7426 | D:8      | 7426 ||| Stepping ~*~*~tactically~*~*~ (hiding).
  7628 | D:8      | 7628 ||| Stepping ~*~*~tactically~*~*~ (stealth).
  7638 | D:8      | Reached skill level 6 in Armour
  8046 | D:9      | Reached * piety under Okawaru
  8047 | D:9      | 8047 ||| INVOKING Heroism.
  8048 | D:9      | 8048 ||| INVOKING Heroism.
  8055 | D:9      | Reached skill level 1 in Invocations
  8057 | D:9      | Reached skill level 11 in Axes
  8057 | D:9      | HP: 16/64 [electric eel/bolt of electricity (3)]
  8058 | D:9      | 8058 ||| READING 2 scrolls of teleportation.
  8059 | D:9      | 8059 ||| DRINKING 3 potions of heal wounds.
  8061 | D:9      | 8061 ||| INVOKING Heroism.
  8068 | D:9      | HP: 16/64 [yak (7)]
  8069 | D:9      | 8069 ||| READING scroll of teleportation.
  8070 | D:9      | 8070 ||| DRINKING 2 potions of heal wounds.
  8073 | D:9      | Reached skill level 3 in Invocations
  8230 | D:9      | 8230 ||| Stepping ~*~*~tactically~*~*~ (hiding).
  8231 | D:9      | 8231 ||| Stepping ~*~*~tactically~*~*~ (hiding).
  8232 | D:9      | 8232 ||| Stepping ~*~*~tactically~*~*~ (hiding).
  8235 | D:9      | 8235 ||| Stepping ~*~*~tactically~*~*~ (hiding).
  8248 | D:9      | 8248 ||| DRINKING potion of curing.
  8248 | D:9      | 8248 ||| (to cure confusion)
  8257 | D:9      | Reached ** piety under Okawaru
  8280 | D:9      | 8280 ||| INVOKING Heroism.
  8328 | D:9      | Found a viscous altar of Jiyva.
  8361 | D:9      | Found a stormy altar of Qazlal.
  8363 | D:9      | 8363 ||| READING scroll of enchant weapon.
  8363 | D:9      | 8363 ||| ENCHANTING +5 war axe.
  8392 | D:9      | 8392 ||| INVOKING Heroism.
  8465 | D:9      | 8465 ||| Stepping ~*~*~tactically~*~*~ (water).
  8473 | D:9      | Reached XP level 11. HP: 53/68 MP: 14/14
  8475 | D:9      | 8475 ||| INVOKING Heroism.
  8492 | D:9      | 8492 ||| Stepping ~*~*~tactically~*~*~ (stealth).
  8555 | D:9      | 8555 ||| Stepping ~*~*~tactically~*~*~ (stealth).
  8562 | D:9      | 8562 ||| Stepping ~*~*~tactically~*~*~ (stealth).
  8572 | D:9      | 8572 ||| Stepping ~*~*~tactically~*~*~ (stealth).
  8580 | D:9      | 8580 ||| Stepping ~*~*~tactically~*~*~ (water).
  8581 | D:9      | 8581 ||| Stepping ~*~*~tactically~*~*~ (stealth).
  8583 | D:9      | 8583 ||| Stepping ~*~*~tactically~*~*~ (stealth).
  8598 | D:9      | Reached skill level 9 in Fighting
  8600 | D:9      | 8600 ||| INVOKING Heroism.
  8637 | D:9      | Found a staircase to the Orcish Mines.
  8662 | D:9      | Found a transporter.
  8662 | D:9      | Found a transporter.
  8731 | D:9      | 8731 ||| INVOKING Heroism.
  8971 | D:10     | Entered Level 10 of the Dungeon
  9045 | D:10     | Noticed a deep elf pyromancer
  9050 | D:10     | Killed a deep elf pyromancer
  9078 | D:10     | 9078 ||| INVOKING Heroism.
  9078 | D:10     | Noticed a centaur warrior
  9090 | D:10     | Killed a centaur warrior
  9090 | D:10     | Reached *** piety under Okawaru
  9247 | D:10     | 9247 ||| INVOKING Heroism.
  9420 | D:10     | Found a glowing golden altar of the Shining One.
  9436 | D:10     | Found a hide-covered altar of Uskayaw.
  9452 | D:10     | Noticed a centaur warrior
  9453 | D:10     | 9453 ||| Stepping ~*~*~tactically~*~*~ (hiding).
  9455 | D:10     | 9455 ||| Stepping ~*~*~tactically~*~*~ (hiding).
  9456 | D:10     | 9456 ||| Stepping ~*~*~tactically~*~*~ (hiding).
  9460 | D:10     | 9460 ||| INVOKING Heroism.
  9467 | D:10     | HP: 9/71 [efreet/bolt of fire (13)]
  9468 | D:10     | 9468 ||| DRINKING potion of heal wounds.
  9473 | D:10     | Reached skill level 12 in Axes
  9473 | D:10     | Killed a centaur warrior
  9494 | D:10     | 9494 ||| INVOKING Heroism.
  9529 | D:10     | 9529 ||| FLEEEEING.
  9533 | D:10     | Noticed a centaur warrior
  9534 | D:10     | 9534 ||| INVOKING Heroism.
  9539 | D:10     | HP: 16/71 [orc priest/divine providence (14)]
  9546 | D:10     | HP: 9/71 [centaur warrior (4)]
  9547 | D:10     | Killed a centaur warrior
  9558 | D:10     | 9558 ||| Stepping ~*~*~tactically~*~*~ (stealth).
  9559 | D:10     | 9559 ||| FLEEEEING.
  9560 | D:10     | 9560 ||| FLEEEEING.
  9561 | D:10     | 9561 ||| FLEEEEING.
  9562 | D:10     | 9562 ||| FLEEEEING.
  9563 | D:10     | 9563 ||| FLEEEEING.
  9564 | D:10     | 9564 ||| FLEEEEING.
  9565 | D:10     | 9565 ||| FLEEEEING.
  9566 | D:10     | 9566 ||| FLEEEEING.
  9567 | D:10     | 9567 ||| FLEEEEING.
  9568 | D:10     | 9568 ||| FLEEEEING.
  9569 | D:10     | 9569 ||| FLEEEEING.
  9570 | D:10     | 9570 ||| FLEEEEING.
  9571 | D:10     | 9571 ||| FLEEEEING.
  9572 | D:10     | 9572 ||| FLEEEEING.
  9574 | D:10     | 9574 ||| FLEEEEING.
  9575 | D:10     | 9575 ||| FLEEEEING.
  9576 | D:10     | 9576 ||| FLEEEEING.
  9577 | D:10     | 9577 ||| FLEEEEING.
  9578 | D:10     | 9578 ||| FLEEEEING.
  9579 | D:10     | 9579 ||| FLEEEEING.
  9580 | D:10     | 9580 ||| FLEEEEING.
  9581 | D:10     | 9581 ||| FLEEEEING.
  9582 | D:10     | 9582 ||| FLEEEEING.
  9583 | D:10     | 9583 ||| FLEEEEING.
  9584 | D:10     | 9584 ||| FLEEEEING.
  9585 | D:10     | 9585 ||| FLEEEEING.
  9586 | D:10     | 9586 ||| FLEEEEING.
  9587 | D:10     | 9587 ||| FLEEEEING.
  9588 | D:10     | 9588 ||| FLEEEEING.
  9589 | D:10     | 9589 ||| FLEEEEING.
  9590 | D:10     | 9590 ||| FLEEEEING.
  9591 | D:10     | 9591 ||| FLEEEEING.
  9592 | D:10     | 9592 ||| FLEEEEING.
  9593 | D:10     | 9593 ||| FLEEEEING.
  9594 | D:10     | 9594 ||| FLEEEEING.
  9595 | D:10     | 9595 ||| FLEEEEING.
  9596 | D:10     | 9596 ||| FLEEEEING.
  9597 | D:10     | 9597 ||| FLEEEEING.
  9598 | D:10     | 9598 ||| FLEEEEING.
  9599 | D:10     | 9599 ||| STAIRDANCE
  9764 | D:10     | 9764 ||| Stepping ~*~*~tactically~*~*~ (hiding).
  9765 | D:10     | 9765 ||| Stepping ~*~*~tactically~*~*~ (hiding).
 10116 | D:10     | 10116 ||| Stepping ~*~*~tactically~*~*~ (hiding).
 10117 | D:10     | Noticed a skeletal warrior
 10118 | D:10     | 10118 ||| INVOKING Heroism.
 10138 | D:10     | Reached skill level 6 in Shields
 10140 | D:10     | 10140 ||| INVOKING Heroism.
 10161 | D:10     | HP: 15/71 [skeletal warrior/+0 trident (18)]
 10166 | D:10     | HP: 13/71 [skeletal warrior/+0 trident (3)]
 10167 | D:10     | 10167 ||| INVOKING Heroism.
 10168 | D:10     | Killed a skeletal warrior
 10387 | D:10     | 10387 ||| DROPPING +0 cloak.
 10840 | D:11     | 10840 ||| Stepping randomly (disturbance).
 10866 | D:11     | 10866 ||| Stepping ~*~*~tactically~*~*~ (hiding).
 10867 | D:11     | 10867 ||| Stepping ~*~*~tactically~*~*~ (hiding).
 10875 | D:11     | Noticed a two-headed ogre
 10876 | D:11     | 10876 ||| INVOKING Heroism.
 10878 | D:11     | Found a staircase to the Lair.
 10895 | D:11     | Killed a two-headed ogre
 10895 | D:11     | Reached **** piety under Okawaru
 10896 | D:11     | Reached XP level 12. HP: 70/77 MP: 15/15
 11099 | D:11     | 11099 ||| INVOKING Heroism.
 11401 | D:11     | 11401 ||| Stepping ~*~*~tactically~*~*~ (hiding).
 11409 | D:11     | 11409 ||| INVOKING Heroism.
 11761 | D:11     | 11761 ||| PLANNING LAIR
 11761 | D:11     | 11761 ||| UPGRADING to +4 ring of protection.
 11793 | Lair:1   | Entered Level 1 of the Lair of Beasts
 11840 | Lair:1   | 11840 ||| INVOKING Heroism.
 11847 | Lair:1   | Received a gift from Okawaru
 12033 | Lair:1   | Reached skill level 6 in Invocations
 12084 | Lair:1   | 12084 ||| Stepping ~*~*~tactically~*~*~ (stealth).
 12085 | Lair:1   | 12085 ||| Stepping ~*~*~tactically~*~*~ (stealth).
 12088 | Lair:1   | Reached skill level 13 in Axes
 12117 | Lair:1   | 12117 ||| INVOKING Heroism.
 12120 | Lair:1   | 12120 ||| Stepping ~*~*~tactically~*~*~ (stealth).
 12147 | Lair:1   | Reached skill level 9 in Armour
 12148 | Lair:1   | 12148 ||| INVOKING Heroism.
 12193 | Lair:1   | Identified the +0 scale mail "Gizxiskof" {Harm *Corrode
                  | rN++ Str+3}
 12745 | Lair:2   | Noticed a skyshark
 12746 | Lair:2   | 12746 ||| INVOKING Heroism.
 12752 | Lair:2   | Killed a skyshark
 12899 | Lair:2   | 12899 ||| INVOKING Heroism.
 13047 | Lair:2   | 13047 ||| Stepping ~*~*~tactically~*~*~ (hiding).
 13048 | Lair:2   | 13048 ||| INVOKING Heroism.
 13106 | Lair:2   | Noticed a five-headed hydra
 13107 | Lair:2   | 13107 ||| INVOKING Heroism.
 13108 | Lair:2   | 13108 ||| SWAPPING to +2 hand axe of flaming.
 13114 | Lair:2   | Killed a one-headed hydra
 13115 | Lair:2   | 13115 ||| UPGRADING to +6 war axe.
 13136 | Lair:2   | Reached ***** piety under Okawaru
 13151 | Lair:2   | Reached XP level 13. HP: 61/82 MP: 19/19
 13294 | Lair:2   | 13294 ||| INVOKING Heroism.
 13493 | Lair:2   | Found a transporter.
 13499 | Lair:2   | Noticed qw's ghost (journeyman MiHu)
 13509 | Lair:2   | Found a transporter.
 13521 | Lair:2   | Found a bloodstained altar of Trog.
 13603 | Lair:2   | Found a hole to the Spider Nest.
 13617 | Lair:2   | Reached skill level 9 in Invocations
 13797 | Lair:3   | 13797 ||| Stepping ~*~*~tactically~*~*~ (stealth).
 13799 | Lair:3   | 13799 ||| INVOKING Heroism.
 13800 | Lair:3   | 13800 ||| INVOKING Finesse.
 13897 | Lair:3   | 13897 ||| Stepping ~*~*~tactically~*~*~ (stealth).
 13898 | Lair:3   | 13898 ||| FLEEEEING.
 13899 | Lair:3   | 13899 ||| INVOKING Heroism.
 13900 | Lair:3   | 13900 ||| SWAPPING to +2 hand axe of flaming.
 14078 | Lair:3   | 14078 ||| UPGRADING to +6 war axe.
 14190 | Lair:3   | Reached skill level 14 in Axes
 14193 | Lair:3   | 14193 ||| INVOKING Heroism.
 14452 | Lair:3   | 14452 ||| INVOKING Heroism.
 14594 | Lair:3   | 14594 ||| INVOKING Heroism.
 14602 | Lair:3   | Received a gift from Okawaru
 14736 | Lair:3   | Found a staircase to the Shoals.
 14889 | Lair:3   | 14889 ||| INVOKING Heroism.
 15187 | Lair:3   | 15187 ||| READING scroll labelled LELOATSAUD.
 15220 | Lair:4   | 15220 ||| INVOKING Heroism.
 15237 | Lair:4   | 15237 ||| READING scroll of enchant armour.
 15237 | Lair:4   | 15237 ||| ENCHANTING +1 plate armour.
 15299 | Lair:4   | 15299 ||| READING scroll of enchant weapon.
 15299 | Lair:4   | 15299 ||| ENCHANTING +6 war axe.
 15319 | Lair:4   | 15319 ||| Stepping ~*~*~tactically~*~*~ (stealth).
 15326 | Lair:4   | Received a gift from Okawaru
 15333 | Lair:4   | 15333 ||| INVOKING Heroism.
 15344 | Lair:4   | 15344 ||| Stepping ~*~*~tactically~*~*~ (stealth).
 15345 | Lair:4   | 15345 ||| Stepping ~*~*~tactically~*~*~ (stealth).
 15346 | Lair:4   | 15346 ||| Stepping ~*~*~tactically~*~*~ (stealth).
 15347 | Lair:4   | 15347 ||| Stepping ~*~*~tactically~*~*~ (stealth).
 15433 | Lair:4   | 15433 ||| Stepping ~*~*~tactically~*~*~ (hiding).
 15435 | Lair:4   | 15435 ||| Stepping ~*~*~tactically~*~*~ (hiding).
 15436 | Lair:4   | 15436 ||| INVOKING Heroism.
 15486 | Lair:4   | 15486 ||| INVOKING Heroism.
 15575 | Lair:4   | 15575 ||| READING scroll of enchant armour.
 15575 | Lair:4   | 15575 ||| ENCHANTING +2 plate armour.
 15940 | Lair:4   | Received a gift from Okawaru
 16046 | Lair:4   | 16046 ||| Stepping ~*~*~tactically~*~*~ (stealth).
 16064 | Lair:4   | 16064 ||| INVOKING Heroism.
 16067 | Lair:4   | Gained mutation: Your large and strong wings let you fly.
                  | [Gargoyle growth]
 16067 | Lair:4   | Reached XP level 14. HP: 63/90 MP: 18/21
 16347 | Lair:4   | 16347 ||| DROPPING +2 cloak.
 16373 | Lair:5   | Entered Level 5 of the Lair of Beasts
 16391 | Lair:5   | 16391 ||| STAIRDANCE
 16447 | Lair:5   | 16447 ||| STAIRDANCE
 16449 | Lair:4   | 16449 ||| INVOKING Heroism.
 16454 | Lair:4   | Reached skill level 15 in Axes
 16533 | Lair:5   | 16533 ||| STAIRDANCE
 16576 | Lair:5   | 16576 ||| STAIRDANCE
 16640 | Lair:5   | 16640 ||| STAIRDANCE
 16685 | Lair:5   | 16685 ||| STAIRDANCE
 16691 | Lair:4   | 16691 ||| INVOKING Heroism.
 16864 | Lair:5   | 16864 ||| Stepping ~*~*~tactically~*~*~ (stealth).
 16865 | Lair:5   | 16865 ||| Stepping ~*~*~tactically~*~*~ (stealth).
 16866 | Lair:5   | 16866 ||| INVOKING Heroism.
 16938 | Lair:5   | Found a runed translucent door.
 16940 | Lair:5   | 16940 ||| INVOKING Heroism.
 16970 | Lair:5   | 16970 ||| INVOKING Heroism.
 16974 | Lair:5   | 16974 ||| Stepping ~*~*~tactically~*~*~ (stealth).
 17029 | Lair:5   | 17029 ||| Stepping ~*~*~tactically~*~*~ (stealth).
 17048 | Lair:5   | 17048 ||| Stepping ~*~*~tactically~*~*~ (stealth).
 17146 | Lair:5   | 17146 ||| Stepping ~*~*~tactically~*~*~ (hiding).
 17230 | Lair:5   | 17230 ||| FLEEEEING.
 17232 | Lair:5   | 17232 ||| FLEEEEING.
 17233 | Lair:5   | 17233 ||| FLEEEEING.
 17234 | Lair:5   | 17234 ||| FLEEEEING.
 17235 | Lair:5   | 17235 ||| FLEEEEING.
 17236 | Lair:5   | 17236 ||| FLEEEEING.
 17237 | Lair:5   | 17237 ||| FLEEEEING.
 17238 | Lair:5   | 17238 ||| FLEEEEING.
 17240 | Lair:5   | 17240 ||| FLEEEEING.
 17242 | Lair:5   | 17242 ||| INVOKING Heroism.
 17276 | Lair:5   | Reached skill level 12 in Fighting
 17377 | Lair:5   | Found a staircase to the Slime Pits.
 17547 | Lair:5   | 17547 ||| Stepping ~*~*~tactically~*~*~ (stealth).
 17787 | Lair:5   | 17787 ||| READING scroll of enchant weapon.
 17787 | Lair:5   | 17787 ||| ENCHANTING +7 war axe.
 17904 | Lair:5   | 17904 ||| UPGRADING to ring of positive energy.
 17905 | Lair:5   | 17905 ||| PLANNING D
 17905 | Lair:5   | 17905 ||| UPGRADING to ring of protection from cold.
 18067 | D:12     | 18067 ||| INVOKING Heroism.
 18323 | D:12     | 18323 ||| Stepping ~*~*~tactically~*~*~ (hiding).
 18331 | D:12     | Reached skill level 6 in Throwing
 18481 | D:12     | 18481 ||| Stepping ~*~*~tactically~*~*~ (stealth).
 18499 | D:12     | 18499 ||| INVOKING Heroism.
 18837 | D:12     | 18837 ||| READING 10 scrolls of identify.
 18837 | D:12     | 18837 ||| IDENTIFYING smoky coppery potion
 18838 | D:12     | 18838 ||| DROPPING potion of degeneration.
 18978 | D:13     | 18978 ||| Stepping ~*~*~tactically~*~*~ (stealth).
 18980 | D:13     | Noticed Kirke
 18981 | D:13     | 18981 ||| INVOKING Heroism.
 19001 | D:13     | 19001 ||| DRINKING potion of cancellation.
 19002 | D:13     | Killed Kirke
 19162 | D:13     | 19162 ||| Stepping ~*~*~tactically~*~*~ (hiding).
 19174 | D:13     | 19174 ||| Stepping ~*~*~tactically~*~*~ (stealth).
 19176 | D:13     | 19176 ||| Stepping ~*~*~tactically~*~*~ (stealth).
 19177 | D:13     | 19177 ||| Stepping ~*~*~tactically~*~*~ (stealth).
 19207 | D:13     | Received a gift from Okawaru
 19208 | D:13     | Reached skill level 16 in Axes
 19208 | D:13     | 19208 ||| INVOKING Heroism.
 19212 | D:13     | HP: 2/92 [two-headed ogre/+0 giant spiked club (24)]
 19212 | D:13     | Mangled by a two-headed ogre

Levels and vault maps discovered:
D:1:      lightli_arrival_boilingwater, layout_rooms
D:2:      layout_rooms, basic_altar, minmay_randomly_rotated_circles
D:3:      layout_basic
D:4:      layout_basic, lemuel_coloured_pillars_altar, serial_shops,
          nicolae_shop_industrial_runoff, nicolae_grassy_gnolls
D:5:      layout_cave_pools, gammafunk_temple_overflow_arena,
          nicolae_overflow_crystal_walls, gammafunk_ghost_necromancy,
          lightli_ossuary_entry_decrepit_ruins, uniq_ijyb
D:6:      layout_basic, kennysheep_mini_moat, uniq_eustachio, uniq_maggie,
          uniq_pikel
D:7:      layout_basic, temple_hall, lightli_bailey_entry_fortress
D:8:      layout_basic, hangedman_decor_peaks_small
D:9:      gammafunk_jiyva_shrine, layout_basic,
          nicolae_qazlal_style_of_elements, david_orc_2
D:10:     minmay_diamond_stairs, layout_small_grid,
          mainiacjoe_overflow_brackets, mainiacjoe_overflow_catwalk
D:11:     layout_grid_maze, minmay_lair_entry_grove
D:12:     layout_roguey
D:13:     layout_loops_ring, lightli_vaults_fourway_checkpoint, uniq_kirke
Temple:   hellmonk_temple_forest_ring
Lair:1:   layout_small_grid, amcnicky_mini_pool_medium
Lair:2:   layout_misc_corridors, spider_nest_entry_rubble,
          gammafunk_ghost_wrathful_warriors, chequers_serial_rivers_micro_d,
          evilmike_ambush [evilmike_ambush_outer_corners,
          evilmike_ambush_inner_wall_1], grunt_megastairs_3
Lair:3:   gammafunk_indiana_jones, layout_misc_corridors,
          minmay_shoals_entry_lonely_mermaid
Lair:4:   layout_regular_city, lemuel_fruit_fields, lemuel_fruit_tree
Lair:5:   wormcave, layout_misc_corridors, slime_entry_1, lemuel_fruit_fields

Skill      XL: |  1  2  3  4  5  6  7  8  9 10 11 12 13 14 |
---------------+-------------------------------------------+-----
Axes           | 2 3 4 5 6 7 8 10 11 12 13 14 16 | 16.0
Fighting       | 4 5 6 8 10 11 12 | 12.0
Dodging        | 1 2 |  2.8
Throwing       | 2 3 4 5 6 |  6.0
Shields        | 4 5 6 7 |  7.5
Armour         | 4 7 8 9 10 | 10.0
Invocations    | 4 8 10 | 10.0

Action                     |  1- 3 |  4- 6 |  7- 9 | 10-12 | 13-15 || total
---------------------------+-------+-------+-------+-------+-------++-------
  Melee: War axe           |    75 |   159 |   298 |   553 |   551 ||  1636
         Hand axe          |       |       |       |     6 |     8 ||    14
  Throw: Boomerang         |       |       |    45 |    57 |    49 ||   151
         Javelin           |       |       |    34 |    40 |    50 ||   124
 Invoke: Heroism           |       |       |       |    25 |    22 ||    47
         Finesse           |       |       |       |       |     1 ||     1
    Use: Scroll            |     5 |     5 |     9 |     7 |     6 ||    32
         Potion            |       |     3 |     4 |     5 |     1 ||    13
   Stab: Distracted        |       |       |       |       |     1 ||     1
 Armour: Scale mail        |    23 |       |       |       |       ||    23
         Chain mail        |     9 |   105 |   187 |    35 |       ||   336
         Plate armour      |       |       |       |   329 |   352 ||   681
  Dodge: Dodged            |    35 |    61 |   119 |   168 |   151 ||   534
  Block: Buckler           |    23 |    21 |    49 |   109 |   111 ||   313

Table legend:
 A = Non-vault XP
 B = Vault XP
 C = Vault XP percentage of total XP
 D = Non-vault monster count
 E = Vault monster count
 F = Vault count percentage of total count
                 A         B        C        D         E       F
            +---------+---------+-------+---------+---------+-------
      Total |   60322 |   19757 |  24.7 |     405 |     104 |  20.4
            +---------+---------+-------+---------+---------+-------
        D:1 |      45 |       0 |   0.0 |      19 |       0 |   0.0
        D:2 |      75 |      33 |  30.6 |      16 |       6 |  27.3
        D:3 |     138 |       0 |   0.0 |      25 |       0 |   0.0
        D:4 |     346 |     112 |  24.5 |      25 |       6 |  19.4
        D:5 |     588 |      36 |   5.8 |      15 |       1 |   6.2
        D:6 |    1020 |    1199 |  54.0 |      29 |       3 |   9.4
        D:7 |    1978 |      99 |   4.8 |      52 |      12 |  18.8
        D:8 |    1095 |       0 |   0.0 |      19 |       0 |   0.0
        D:9 |    3589 |     148 |   4.0 |      28 |       7 |  20.0
       D:10 |     715 |    4922 |  87.3 |      21 |       8 |  27.6
       D:11 |    2999 |    2098 |  41.2 |       8 |      13 |  61.9
       D:12 |    6035 |       0 |   0.0 |      19 |       0 |   0.0
       D:13 |    1394 |    3086 |  68.9 |       3 |       6 |  66.7
     Lair:1 |    4403 |     661 |  13.1 |      19 |       3 |  13.6
     Lair:2 |    5398 |    1161 |  17.7 |      18 |       6 |  25.0
     Lair:3 |   13599 |     481 |   3.4 |      36 |       1 |   2.7
     Lair:4 |   10044 |       0 |   0.0 |      31 |       0 |   0.0
     Lair:5 |    6861 |    5571 |  44.8 |      22 |      16 |  42.1
    Ossuary |       0 |     150 | 100.0 |       0 |      16 | 100.0
            +---------+---------+-------+---------+---------+-------
